Map: Solaris LE

Players

Obvi - Winner!

  • Race: Zerg Zerg
  • League: Diamond
  • Spawn Location: 1:00

klanosk

  • Race: Zerg Zerg
  • League: Diamond
  • Spawn Location: 7:00

VOD

Have the link to the VOD?

Description

Time

  • Played on: Nov. 1, 2023, 10:57 a.m.
  • Length: 15:41
Show
View Real Time Build Order
Export as new Build Order

Obvi Zerg - Winner!

Build Orders: Hatch First, Lurkers 

Get SALT Encoding   

  12  0:00  Drone  
  13  0:18  Overlord  
  13  0:19  Drone  
  14  0:36  Drone x2  
  16  0:58  Drone  
  16  1:04  Drone  
  18  1:10  Hatchery  
  18  1:11  Spawning Pool  
  16  1:12  Extractor  
  16  1:14  Drone  
  17  1:23  Drone  
  18  1:28  Extractor  
  17  1:34  Drone  
  18  1:45  Drone  
  19  1:56  Overlord  
  19  2:13  Drone  
  20  2:20  Drone  
  21  2:24  Queen  
  21  2:26  Queen  
  25  2:30  Drone x2  
  27  2:41  Drone x2  
  29  2:44  Drone  
  29  2:49  Drone  
  31  2:56  Drone  
  32  3:02  Drone  
  33  3:06  Queen  
  35  3:21  Evolution Chamber  
  35  3:23  Roach Warren  
  35  3:25  Evolution Chamber  
  32  3:31  Drone x4  
  32  3:32  Overlord  
  36  3:36  Extractor  
  36  3:38  Extractor  
  32  3:58  Drone x2  
  32  3:59  Drone x2  
  32  4:00  Drone x2  
  38  4:06  Zerg Missile Weapons Level 1  
  38  4:09  Lair  
  38  4:10  Roach  
  38  4:11  Roach x2  
  44  4:31  Overlord  
  44  4:42  Overlord x2  
  44  4:43  Overlord x5  
  44  4:45  Zerg Ground Armor Level 1  
  44  4:49  Queen  
  44  4:50  Hatchery  
  45  4:53  Roach x3  
  51  5:03  Roach x3  
  57  5:09  Roach x2  
  57  5:11  Glial Reconstitution  
  61  5:17  Roach  
  63  5:21  Roach  
  63  5:22  Roach  
  67  5:52  Drone x5  
  67  5:53  Drone x7  
  79  5:57  Ravager x5  
  84  6:13  Overseer  
  84  6:32  Roach x2  
  92  6:33  Roach x7  
  92  6:39  Extractor  
  101  6:55  Roach x6  
  113  7:09  Overlord x5  
  113  7:12  Zerg Missile Weapons Level 2  
  102  7:35  Roach x9  
  117  7:41  Roach x4  
  117  7:43  Roach x2  
  124  7:44  Drone  
  124  7:45  Drone x4  
  125  7:52  Roach x3  
  115  8:15  Zerg Ground Armor Level 2  
  115  8:28  Ravager  
  115  8:30  Ravager  
  115  8:32  Roach x3  
  115  8:33  Roach  
  107  8:38  Roach x3  
  87  8:53  Hydralisk Den  
  87  8:55  Extractor  
  83  8:58  Drone x3  
  83  9:02  Roach x2  
  96  9:03  Extractor, Roach x5  
  99  9:12  Drone  
  99  9:13  Drone x3  
  99  9:15  Drone  
  99  9:16  Drone x2  
  106  9:17  Drone x2  
  106  9:23  Drone  
  109  9:29  Ravager  
  109  9:30  Ravager x2  
  112  9:32  Ravager  
  112  9:34  Hatchery  
  112  9:36  Ravager  
  103  9:48  Roach  
  103  9:49  Roach x6  
  103  9:52  Roach  
  101  9:54  Roach x2  
  101  9:55  Roach  
  101  9:58  Roach  
  86  10:09  Roach x8  
  96  10:15  Roach x4  
  96  10:20  Ravager  
  103  10:28  Ravager  
  103  10:29  Ravager  
  105  10:39  Roach x7  
  119  10:51  Infestation Pit  
  119  10:52  Drone  
  119  10:56  Drone x5  
  124  11:02  Ravager x3  
  127  11:08  Extractor  
  127  11:09  Drone x3  
  127  11:11  Extractor, Drone x3  
  130  11:43  Hatchery  
  128  11:50  Hatchery  
  117  12:07  Roach  
  117  12:08  Roach x8  
  104  12:20  Hive, Roach x2  
  106  12:24  Lurker Den  
  105  12:31  Roach x4  
  105  12:35  Ravager x3  
  105  12:36  Ravager  
  117  12:39  Muscular Augments  
  117  12:41  Roach x2  
  117  12:42  Roach  
  123  12:44  Queen x2  
  127  12:53  Roach x3  
  120  13:06  Hydralisk x5  
  130  13:36  Hydralisk x4  
  130  13:39  Adaptive Talons  
  138  13:43  Grooved Spines  
  138  13:48  Lurker  
  138  13:49  Lurker x4  
  138  13:51  Overseer  
  138  13:53  Extractor x2, Hydralisk x6  
  138  13:54  Hydralisk  
  155  13:57  Drone x3  
  155  13:59  Overlord x5  
  158  14:15  Extractor  
  158  14:16  Extractor  
  156  14:28  Lurker x2  
  158  14:32  Ravager  
  159  14:58  Hydralisk x9  
  159  14:59  Hydralisk  
  177  15:14  Hydralisk x6  
  177  15:16  Overlord x3  
Show
View Real Time Build Order
Export as new Build Order

klanosk Zerg 

Build Orders: Hatch First 

Get SALT Encoding   

  12  0:01  Drone  
  13  0:12  Overlord  
  13  0:19  Drone  
  14  0:31  Drone x2  
  16  0:35  Drone  
  17  0:52  Hatchery  
  17  0:56  Drone  
  17  0:59  Drone  
  18  1:10  Extractor  
  17  1:15  Spawning Pool  
  17  1:17  Drone  
  17  1:21  Drone  
  18  1:28  Drone  
  19  1:39  Drone  
  20  1:49  Overlord  
  20  2:02  Queen  
  20  2:05  Queen  
  20  2:06  Zergling x4  
  26  2:16  Zergling x4  
  26  2:17  Spine Crawler  
  27  2:24  Drone  
  28  2:35  Drone x2  
  30  2:38  Drone  
  31  2:48  Roach Warren  
  30  2:52  Evolution Chamber  
  30  2:56  Evolution Chamber  
  28  3:10  Evolution Chamber  
  28  3:21  Drone x8  
  28  3:23  Overlord  
  28  3:25  Zerg Missile Weapons Level 1  
  36  3:34  Lair  
  36  3:40  Drone  
  36  3:41  Drone x2  
  38  3:51  Drone x3  
  38  3:52  Drone  
  39  4:00  Extractor  
  39  4:02  Drone x4, Extractor  
  42  4:09  Overlord  
  41  4:10  Overlord  
  41  4:17  Roach  
  41  4:22  Overlord  
  43  4:30  Roach x5  
  53  4:43  Roach  
  53  4:44  Roach x3  
  53  4:45  Glial Reconstitution  
  61  4:51  Roach  
  63  5:00  Overlord x2  
  63  5:01  Roach x2  
  63  5:05  Overlord  
  67  5:18  Roach  
  67  5:19  Roach x4  
  77  5:24  Roach  
  77  5:25  Roach  
  81  5:29  Roach x2  
  81  5:56  Hatchery  
  81  5:57  Drone x5  
  82  5:59  Overlord  
  82  6:00  Roach, Overlord  
  87  6:12  Queen  
  87  6:14  Overlord x2  
  89  6:18  Zerg Missile Weapons Level 2  
  89  6:23  Roach  
  89  6:24  Roach  
  93  6:27  Ravager  
  93  6:28  Ravager  
  93  6:30  Overlord  
  95  6:45  Drone x7  
  102  6:51  Roach  
  104  7:03  Drone x2  
  104  7:06  Overlord x2  
  110  7:08  Roach x3  
  110  7:09  Queen  
  110  7:14  Roach  
  110  7:15  Roach x2  
  116  7:34  Roach x7  
  116  7:50  Roach  
  116  7:51  Roach x8  
  115  7:54  Roach  
  99  8:12  Roach  
  109  8:13  Roach x4  
  109  8:18  Roach  
  109  8:19  Roach x2  
  115  8:22  Ravager  
  112  8:29  Roach  
  112  8:30  Roach x4  
  102  8:35  Roach x2  
  102  8:38  Roach x2  
  102  8:39  Roach x4  
  102  8:42  Roach  
  102  8:47  Roach x2  
  94  8:58  Drone x4  
  98  9:04  Drone  
  98  9:05  Drone  
  100  9:12  Roach x2  
  104  9:26  Roach  
  104  9:27  Roach x3  
  104  9:30  Overlord  
  112  9:32  Overlord  
  112  9:45  Roach  
  104  9:46  Roach x7  
  104  9:49  Roach  
  102  9:59  Roach x3  
  93  10:06  Roach x2  
  91  10:17  Roach  
  91  10:18  Roach x6  
  97  10:26  Queen  
  97  10:27  Roach  
  97  10:28  Roach  
  101  10:38  Drone x3  
  96  10:51  Drone x4  
  100  11:02  Overlord x2  
  100  11:05  Roach x4  
  108  11:15  Roach x2  
  112  11:24  Roach x6  
  124  11:31  Roach x5  
  130  11:43  Roach  
  124  11:49  Roach x6  
  124  11:54  Roach x3  
  124  12:01  Roach  
  124  12:02  Roach x3  
  124  12:06  Roach x2  
  110  12:16  Roach  
  110  12:17  Roach x2  
  110  12:22  Roach x4  
  122  12:30  Roach  
  122  12:31  Roach x3  
  122  12:36  Drone x2  
  122  12:37  Extractor x2  
  131  12:42  Roach  
  114  12:58  Roach  
  114  12:59  Roach x9  
  134  13:16  Zerg Ground Armor Level 1  
  134  13:17  Roach x2  
  134  13:18  Hatchery  
  137  13:31  Drone x3  
  137  13:32  Extractor, Roach  
  137  13:33  Roach x6  
  153  13:34  Roach  
  155  13:42  Roach x3  
  161  13:51  Tunneling Claws  
  161  13:53  Burrow  
  161  14:02  Overlord  
  161  14:03  Overlord x2  
  161  14:06  Drone  
  161  14:08  Overlord  
  162  14:12  Overlord x2  
  154  14:30  Drone x4  
  154  14:31  Drone x6  
  156  14:48  Roach x4  
  156  14:49  Roach x2  
  116  15:07  Infestation Pit  
  116  15:09  Roach x25  
Tags
 
Composition
Lurkers
Matchup
ZvZ
Race
Zerg
Spawn Locations
Cross Positions
Add a new tag
Caveats
  • Supply blocks, unpowered buildings, or Contaminate may cause inaccurate times.
  • Supply counts are checked every 10 seconds.